AoeStats
← silvajuank

Hideout

508313374Analyzed
1v1 RM · 12d ago on Sep 21, 2026· 24m 21s· 2 players
Game mode
Random Map
Map size
Tiny (2 player)
Population
200
Speed
Normal
Resources
Standard
Victory
Conquest
Starting age
Dark Age
Ending age
Imperial Age
RankedLock teamsTeams togetherTeam positionsShared explorationLock speedFull tech treeHidden civsTurbo modeCheats
Victory
Defeat
🇦🇷 Portuguese · Argentina
995
+16
🇦🇷 Goths · Argentina
991
-16
silvajuank
10:59 Feudal Age
11:44 Loom
15:28 Castle Age
13:54 Man-at-Arms
17:54 Fletching
18:59 Double-Bit Axe
ChXavier
8:00 Loom
10:13 Feudal Age
10:56 Double-Bit Axe
11:43 Man-at-Arms
15:50 Fletching
17:00 Arson
17:22 Padded Archer Armor
21:36 Wheelbarrow
21:30 Town Watch
21:29 Horse Collar
22:54 Scale Barding Armor
23:32 Forging
23:53 Stone Mining
Connection lost

Rejoining the realm…

Still unreachable

The connection could not be restored.

Session expired

The server has moved on; the page needs a fresh start.